 Dungeon Crawl Stone Soup version 0.30-a0-475-g03497ec522 (webtiles) character file.

Game seed: 7847915879141726396

4948 bande the Cleaver (level 10, 0/63 HPs)
             Began as a Gargoyle Fighter on Dec 21, 2022.
             Was a High Priest of Okawaru.
             Slain by a troll (14 damage)
             ... on level 8 of the Dungeon.
             The game lasted 00:15:31 (8399 turns).

bande the Cleaver (Gargoyle Fighter)                Turns: 8399, Time: 00:15:32

Health: 0/63       AC: 22    Str: 21    XL:     10   Next: 52%
Magic:  14/14      EV:  7    Int:  8    God:    Okawaru [*****.]
Gold:   438        SH:  5    Dex: 13    Spells: 9/9 levels left

rFire   + . .      SeeInvis .    a - +1 war axe (flame)
rCold   . . .      Faith    .    c - +0 buckler
rNeg    + + .      Spirit   .    p - +0 chain mail
rPois   ∞          Reflect  .    m - +0 helmet
rElec   +          Harm     .    e - +0 cloak
rCorr   .          Rampage  .    (no gloves)
Will    .....                    g - +1 pair of boots
Stlth   ..........               (no amulet)
HPRegen 0.30/turn                k - ring of protection from fire
MPRegen 0.14/turn                n - ring of positive energy

@: studying Dodging, very slow
A: sickness immunity, AC +7, negative energy resistance 1, electricity
resistance, torment resistance 1, petrification resistance
a: Renounce Religion, Heroism, Finesse, Duel


You were on level 8 of the Dungeon.
You worshipped Okawaru.
Okawaru was extremely pleased with you.
You visited 1 branch of the dungeon, and saw 8 of its levels.
You also visited: Ossuary.

You collected 438 gold pieces.

Inventory:

Hand Weapons
 a - a +1 war axe of flaming (weapon)
 z - the +7 hand axe of the Wicked God {pain, Fly Int+3 Stlth+}
   (You found it on level 8 of the Dungeon)

   In the hands of one skilled in necromantic magic, it inflicts extra damage on
   living creatures.
   Int:       It affects your intelligence (+3).
   Fly:       It grants you flight.
   Stlth:     It makes you more stealthy.
 B - a +0 war axe
Missiles
 q - 2 throwing nets (quivered)
 I - 2 silver boomerangs
Armour
 c - a +0 buckler (worn)
 e - a +0 cloak (worn)
 g - a +1 pair of boots (worn)
 m - a +0 helmet (worn)
 p - a +0 chain mail (worn)
 y - an orb of light
Jewellery
 f - an amulet of magic regeneration
 k - a ring of protection from fire (left hand)
 n - a ring of positive energy (right hand)
 w - a ring of wizardry
 F - a ring of wizardry
Wands
 E - a wand of iceblast (22)
 G - a wand of mindburst (31)
Scrolls
 b - 5 scrolls of teleportation
 s - a scroll of poison
 t - 5 scrolls of fear
 v - a scroll of enchant weapon
 x - 2 scrolls of enchant armour
 H - a scroll of immolation {unknown}
Potions
 d - 3 potions of might
 h - a potion of resistance
 i - a potion of cancellation
 j - 4 potions of flight
 l - 2 potions of brilliance
 o - 4 potions of heal wounds
 r - a potion of invisibility {unknown}
 u - 2 potions of haste
 A - a potion of attraction {unknown}
 C - 2 potions of curing
 D - 3 potions of mutation {unknown}


   Skills:
 + Level 7.0 Fighting
 + Level 9.5 Axes
 + Level 6.7 Armour
 + Level 5.8 Shields
 * Level 6.5 Invocations
 * Level 2.8 Evocations


You had 9 spell levels left.
You didn't know any spells.
Your spell library contained the following spells:

 Spells                   Type           Power      Damage    Failure   Level
 Apportation              Tloc           0%         N/A       99%         1
 Ensorcelled Hibernation  Hex/Ice        0%         N/A       100%        2
 Passwall                 Tmut/Erth      0%         N/A       100%        2
 Wereblood                Tmut           0%         N/A       100%        2
 Kindle Blastsparks       Fire/Tloc/Air  0%         2d10      100%        3
 Swiftness                Air            0%         N/A       100%        3
 Fulminant Prism          Conj/Hex       0%         3d5       100%        4
 Iskenderun's Mystic Bla  Conj/Tloc      0%         2d3       100%        4
 Alistair's Intoxication  Tmut/Pois      0%         N/A       100%        5
 Lee's Rapid Deconstruct  Erth           0%         3d4*      100%        5
 Sublimation of Blood     Necr           Unusable   N/A       N/A         2
 Summon Hydra             Summ           Unusable   N/A       N/A         7

Dungeon Overview and Level Annotations

Branches:
Dungeon (8/15)             Temple (0/1) D:5            Lair (0/5) D:8
Ossuary (visited)

Altars:
Ashenzari
Cheibriados
Fedhas
Gozag
Okawaru
Ru
Vehumet
Wu Jian
Yredelemnul
Zin
The Shining One

Shops:
D:1 ?   D:4 (


Innate Abilities, Weirdness & Mutations

You are immune to sickness and miasma.
Your stone body is resilient. (AC +7)
You are immune to poison.
You resist negative energy. (rN+)
You are resistant to electric shocks. (rElec)
You are resistant to unholy torment.
You are immune to petrification.


Message History

A troll is nearby!
You enter the shallow water.
Moving in this stuff is going to be slow.
An electric eel comes into view.
The troll bites you! The troll barely misses you.
The troll claws you but does no damage.
You barely miss the troll. The troll bites you but does no damage.
The troll closely misses you. The troll claws you.
Your unstable footing causes you to fumble your attack.
The troll barely misses you. The troll claws you but does no damage.
You block the troll's attack.
You hit the troll. You burn the troll.
The troll is lightly wounded.
The troll barely misses you.
The troll claws you but does no damage. x2
You closely miss the troll.
The troll is lightly wounded.
The troll bites you! The troll claws you. x2
You are too injured to fight recklessly!
You are too injured to fight recklessly!
You are too injured to fight recklessly!
You are too injured to fight recklessly!
You are too injured to fight recklessly!
You are too injured to fight recklessly!
You are too injured to fight recklessly!
You are too injured to fight recklessly!
You are too injured to fight recklessly!
You are too injured to fight recklessly!
Why would you want to do that?
The electric eel shoots out a bolt of lightning at you!
The bolt of electricity hits you but does no damage.
You resist. The troll bites you!
* * * LOW HITPOINT WARNING * * *
You block the troll's attack. The troll claws you but does no damage.
The troll attacks as you move away! The troll bites you but does no damage.
The troll claws you but does no damage. The troll claws you.
* * * LOW HITPOINT WARNING * * *
The troll attacks as you move away! The troll bites you but does no damage.
You block the troll's attack. The troll claws you but does no damage.
The troll bites you!
You die...

~≈≈~.~~~≈~..##.#
.≈≈~.~≈≈~~....
≈≈≈~.≈≈≈~...#
≈≈S~.~≈≈~.."#
≈≈.~...≈~~..#
≈~~..~.~≈~..#
≈≈.....~≈.~~#
≈≈≈≈~..>.~.T~..#
≈≈≈≈~~....≈~@..# #
#≈≈≈≈~.~.~.~~~~.##.#
#~~~~~~≈~~≈≈≈......#
#..~~~≈≈≈~~~~...##.#
#.~.~≈≈≈~.~.≈~..# #
#..~~≈≈~≈~.~..~.#
#.......†≈....~.# .#
##.~....~.~......##.#
#..........).....#..


You could see a troll and an electric eel.

Vanquished Creatures
  The ghost of cforsyth the Shield-Bearer, a novice TrFi (D:4)
  A kobold demonologist (D:7)
  A steam dragon (D:6)
  Edmund (D:6)
  3 water moccasins
  2 sky beasts
  3 ice beasts
  An orc warrior (D:8)
  2 black bears
  2 wolves (D:8)
  3 ogres
  3 centaurs
  6 kobold brigands
  2 necrophages
  2 bullfrogs
  A scorpion (D:6)
  A gnoll sergeant (D:6)
  3 wights (D:8)
  An elf skeleton (D:4)
  A jelly (D:4)
  2 electric eels (D:8)
  A howler monkey (D:4)
  4 centaur zombies (Ossuary)
  A human zombie (D:4)
  12 hounds
  Crazy Yiuf (D:7)
  3 orc priests
  3 iguanas
  2 human skeletons (D:4)
  4 orc wizards
  5 mummies (Ossuary)
  Robin (D:2)
  8 adders
  7 gnolls
  3 white imps
  6 dart slugs
  25 orcs
  12 ball pythons
  7 bats
  7 endoplasms
  4 giant cockroaches
  13 goblins
  9 hobgoblins
  5 quokkas
  3 frilled lizards
  3 hobgoblin zombies (Ossuary)
  22 kobolds
  An orc skeleton (D:4)
  An orc zombie (D:4)
  6 rats
221 creatures vanquished.

Notes
Turn   | Place    | Note
-------+----------+-------------------------------------------
     0 | D:1      | bande the Gargoyle Fighter began the quest for the Orb.
     0 | D:1      | Reached XP level 1. HP: 14/14 MP: 1/1
   102 | D:1      | Reached XP level 2. HP: 19/19 MP: 2/2
   168 | D:1      | Reached skill level 2 in Axes
   275 | D:1      | Found Puanema's Magic Scroll Shoppe.
   323 | D:1      | Reached XP level 3. HP: 23/23 MP: 3/3
  1185 | D:2      | Reached XP level 4. HP: 29/29 MP: 4/4
  1404 | D:2      | Noticed Robin
  1412 | D:2      | Killed Robin
  1472 | D:2      | Reached skill level 3 in Axes
  1993 | D:3      | Reached XP level 5. HP: 33/33 MP: 5/5
  2353 | D:3      | Found a faded altar of an unknown god.
  2588 | D:4      | Found a sacrificial altar of Ru.
  2590 | D:4      | Found an iron altar of Okawaru.
  2595 | D:4      | Reached skill level 4 in Axes
  2596 | D:4      | Found a radiant altar of Vehumet.
  2605 | D:4      | Became a worshipper of Warmaster Okawaru
  2658 | D:4      | Found a sand-covered staircase.
  2665 | D:4      | Reached XP level 6. HP: 38/38 MP: 6/6
  2667 | Ossuary  | Entered an ossuary
  2680 | Ossuary  | Reached skill level 1 in Invocations
  2716 | Ossuary  | Reached skill level 5 in Axes
  2716 | Ossuary  | Reached XP level 7. HP: 32/44 MP: 7/7
  3264 | D:4      | Reached * piety under Okawaru
  3718 | D:4      | Found Rimosugu's Antique Weapon Emporium.
  3733 | D:4      | Reached XP level 8. HP: 42/48 MP: 10/10
  4025 | D:4      | Found a broken altar of Ashenzari.
  4025 | D:4      | Found an opulent altar of Gozag.
  4025 | D:4      | Found a basalt altar of Yredelemnul.
  4025 | D:4      | Found a snail-covered altar of Cheibriados.
  4038 | D:4      | Reached skill level 5 in Fighting
  4051 | D:4      | Found a blossoming altar of Fedhas.
  4056 | D:4      | Found a glowing silver altar of Zin.
  4090 | D:5      | Entered Level 5 of the Dungeon
  4100 | D:5      | Found a staircase to the Ecumenical Temple.
  4105 | D:5      | You fall into a shaft and drop 3 floors!
  4130 | D:8      | Identified the +7 hand axe of the Wicked God {pain, Fly
                  | Int+3 Stlth+}
  4174 | D:7      | Reached skill level 6 in Axes
  4181 | D:6      | Noticed Edmund
  4193 | D:6      | Killed Edmund
  4193 | D:6      | Reached ** piety under Okawaru
  4194 | D:6      | Reached skill level 5 in Armour
  4194 | D:6      | Reached skill level 5 in Shields
  4323 | D:5      | Reached skill level 7 in Axes
  4575 | D:5      | Found a runed translucent gate.
  4575 | D:5      | Found a runed translucent gate.
  4575 | D:5      | Found a runed translucent gate.
  4579 | D:5      | Noticed cforsyth's ghost (novice TrFi)
  4585 | D:5      | Identified the +6 hand axe of Sudghuyl {drain, rPois rC+
                  | Str-2}
  4720 | D:5      | Reached XP level 9. HP: 32/55 MP: 12/12
  4866 | D:5      | Found a glowing golden altar of the Shining One.
  5086 | D:4      | Killed cforsyth's ghost
  5086 | D:4      | Reached *** piety under Okawaru
  5087 | D:4      | Reached skill level 5 in Invocations
  5506 | D:6      | Found an ornate altar of the Wu Jian Council.
  5641 | D:6      | Reached skill level 8 in Axes
  6729 | D:7      | Reached skill level 1 in Evocations
  6798 | D:7      | Reached **** piety under Okawaru
  7061 | D:7      | Reached XP level 10. HP: 61/61 MP: 14/14
  7074 | D:7      | Noticed a kobold demonologist
  7098 | D:7      | Killed a kobold demonologist
  7099 | D:7      | Reached skill level 9 in Axes
  7131 | D:7      | Found a runed translucent door.
  7132 | D:7      | Noticed Crazy Yiuf
  7530 | D:7      | Killed Crazy Yiuf
  7668 | D:8      | Reached ***** piety under Okawaru
  7842 | D:8      | Identified the +3 leather armour of the Forsaken Dreams
                  | {Dex+4}
  8299 | D:8      | Found a staircase to the Lair.
  8399 | D:8      | Slain by a troll

Illustrated notes

Levels and vault maps discovered:
D:1:      dpeg_arrival_refuge, layout_basic, serial_shops,
          nicolae_shop_hallway_plus, grunt_decor_clamped
D:2:      layout_basic, st_stairs_9, grunt_ministairs_8, minmay_tromino_v4_a,
          uniq_robin
D:3:      layout_loops_ring, ebering_ecumenical_altar_petrified
D:4:      layout_loops_ring, minmay_overflow_temple_hex,
          grunt_temple_overflow_open, nicolae_ossuary_entry_catacombs,
          serial_bayou_pond_e, nicolae_wooded_promenade, grunt_ministairs_10,
          minmay_manual_mess
D:5:      layout_cave_pools, tso_altar, minmay_temple_entry_gardened_gates,
          biasface_ghost_orc_armoury, amcnicky_mini_rare_corridor_liquid
D:6:      wander_river, layout_rooms, mainiacjoe_overflow_small_starburst,
          uniq_edmund
D:7:      layout_basic, eino_curves_03, uniq_crazy_yiuf_cottage
D:8:      kennysheep_spiral_hall, layout_basic, erik_lair_island

Skill      XL: |  1  2  3  4  5  6  7  8  9 10 |
---------------+-------------------------------+-----
Axes           | 2 3 4 5 7 8 9 |  9.5
Fighting       | 4 5 6 7 |  7.0
Armour         | 4 5 6 |  6.7
Shields        | 4 5 |  5.8
Invocations    | 1 3 4 5 6 |  6.5
Evocations     | 1 2 |  2.8

Action                   |  1- 3 |  4- 6 |  7- 9 | 10-12 || total
-------------------------+-------+-------+-------+-------++-------
Melee: War axe           |    95 |   101 |   271 |   139 ||   606
  Use: Scroll            |     3 |     9 |     8 |       ||    20
Armor: Scale mail        |    71 |    52 |       |       ||   123
       Chain mail        |       |    52 |   211 |   112 ||   375
Dodge: Dodged            |    56 |    75 |    91 |    46 ||   268
Block: Buckler           |    17 |    34 |    67 |    40 ||   158

Table legend: (Time is in decaauts)
 A = Elapsed time spent in this place.
 B = Non-inter-level travel time spent in this place.
 C = Inter-level travel time spent in this place.
 D = Time resting spent in this place.
 E = Time spent auto-exploring this place.
 F = Levels seen in this place.
 G = Mean time per level.
                   A        B        C        D        E       F      G
               +--------+--------+--------+--------+--------+-----+--------+
         Total |   8551 |   8315 |    236 |   1718 |   4864 |   9 |  950.1 |
       Dungeon |   8001 |   7765 |    236 |   1281 |   4824 |   8 | 1000.1 |
       Ossuary |    549 |    549 |      0 |    437 |     40 |   1 |  549.0 |
               +--------+--------+--------+--------+--------+-----+--------+

Top non-repeatable levels by time:
     D:4: 1419 daAuts
     D:5: 1248 daAuts
     D:7: 1089 daAuts
     D:2: 1082 daAuts
     D:6: 912 daAuts
     D:1: 907 daAuts
     D:8: 688 daAuts
     D:3: 653 daAuts
 Ossuary: 549 daAuts
